 Dungeon Crawl Stone Soup version 0.18.1-50-g88ac8fd (webtiles) character file.

66 cedor the Slasher (level 4, -2/37 HPs)
             Began as a Hill Orc Skald on Sept 19, 2016.
             Slain by a gnoll
             ... wielding a +0 whip
              (3 damage)
             ... on level 2 of the Dungeon.
             The game lasted 00:04:50 (777 turns).

cedor the Slasher (Hill Orc Skald)                   Turns: 777, Time: 00:04:50

Health: -2/37      AC:  3    Str: 14    XL:     4   Next: 15%
Magic:  2/6        EV: 11    Int: 13    God:
Gold:   47         SH:  0    Dex: 10    Spells: 2 memorised, 3 levels left

rFire  . . .     SeeInvis .     a - +0 falchion
rCold  . . .     Gourm    .     b - +0 leather armour
rNeg   . . .     Faith    .     (no shield)
rPois  .         Spirit   .     (no helmet)
rElec  .         Dismiss  .     (no cloak)
rCorr  .         Reflect  .     (no gloves)
SustAt .         Harm     .     (no boots)
MR     .....                    (no amulet)
Stlth  +.........               (no ring)
                                (no ring)

@: not resistant to hostile enchantments, very unstealthy
A: no striking features
a: no special abilities


You were on level 2 of the Dungeon.
You were not hungry.

You visited 1 branch of the dungeon, and saw 2 of its levels.

You collected 47 gold pieces.


   Skills:
 - Level 2.4 Fighting
 + Level 3.3 Long Blades
 + Level 2.5 Armour
 - Level 0.7 Dodging
 - Level 1.5 Spellcasting
 - Level 3.0 Charms
 + Level 0.8 Translocations


You had 3 spell levels left.
You knew the following spells:

 Your Spells              Type           Power        Failure   Level  Hunger
a - Shroud of Golubria    Chrm/Tloc      #.........   24%         2    ###....
z - Infusion              Chrm           #...         12%         1    ##.....

Inventory:

Hand Weapons
 a - a +0 falchion (weapon)
Missiles
 l - 17 stones (quivered)
Armour
 b - a +0 leather armour (worn)
Scrolls
 e - a scroll of noise {unknown}
 g - a scroll of enchant weapon {unknown}
 h - a scroll of enchant armour {unknown}
 i - a scroll of identify {unknown}
Potions
 j - a potion of lignification {unknown}
 k - 2 potions of mutation {unknown}
 m - a potion of curing {unknown}
 n - a potion of magic {unknown}
 o - a potion of heal wounds {@q2}
Books
 c - a book of Battle

   Spells                             Type                      Level
   a - Infusion                       Charms                       1
   b - Shroud of Golubria             Charms/Translocation         2
   c - Song of Slaying                Charms                       2
   d - Spectral Weapon                Hexes/Charms                 3
   e - Regeneration                   Charms/Necromancy            3
Comestibles
 d - 2 bread rations
 f - a beef jerky

Dungeon Overview and Level Annotations

Branches:
Dungeon (2/15)

Altars:

.▒ ▒▒.......▒▒ .▒ ▒▒▒
▒.........▒ .▒▒▒..▒▒▒.
▒......)<.▒ ..........
▒.........▒ .......... ..
▒▒▒▒.........▒ .......▒ .
..............▒ ▒.....▒▒.▒▒.
▒▒▒▒..........▒ .....▒▒..▒..
▒▒▒▒▒▒............▒
.....▒▒.▒▒.▒▒▒.go...▒▒.........▒
.▒.▒▒▒▒.▒▒.▒▒<.▒▒▒▒▒▒▒.........▒
...▒▒▒▒.▒▒....▒▒ ▒.........▒
(..▒▒...▒▒.▒▒▒▒ ▒▒.......▒▒
...▒▒.▒.......▒▒ ▒▒.....▒▒
..)............▒ ▒▒▒▒▒▒▒
...▒▒...........▒
▒...............▒
▒.▒.............▒


You could see a gnoll.


Message History

The gnoll barely misses you.
You barely miss the gnoll.
The gnoll is lightly wounded.
The gnoll barely misses you.
You hit the gnoll.
The gnoll is moderately wounded.
The gnoll closely misses you.
You hit the gnoll but do no damage.
The gnoll is moderately wounded.
The gnoll hits you with a whip.
* * * LOW HITPOINT WARNING * * *
You slash the gnoll!
The gnoll is severely wounded.
The gnoll hits you with a whip.
* * * LOW HITPOINT WARNING * * *
You hit the gnoll but do no damage.
The gnoll is severely wounded.
The gnoll barely misses you.
You closely miss the gnoll.
The gnoll is severely wounded.
The gnoll misses you. The gnoll hits you with a whip.
* * * LOW HITPOINT WARNING * * *
You hit the gnoll.
The gnoll is almost dead.
The gnoll hits you with a whip.
* * * LOW HITPOINT WARNING * * *
You closely miss the gnoll.
The gnoll is almost dead.
The gnoll hits you with a whip.
You die...

Action                   |  1- 3 |  4- 6 || total
-------------------------+-------+-------++-------
Melee: Falchion          |    80 |    10 ||    90
Throw: Stone             |     8 |       ||     8
 Cast: Infusion          |     6 |       ||     6
       Shroud of Golubri |     3 |       ||     3
  Use: Potion            |     1 |       ||     1
Armor: Leather armour    |    14 |     1 ||    15
Dodge: Dodged            |    57 |     5 ||    62

Vault maps used:
D:1:      minmay_arrival_nine_rooms

Notes
Turn   | Place    | Note
--------------------------------------------------------------
     0 | D:1      | cedor the Hill Orc Skald began the quest for the Orb.
     0 | D:1      | Reached XP level 1. HP: 18/18 MP: 3/3
   102 | D:1      | Reached XP level 2. HP: 25/25 MP: 0/4
   161 | D:2      | Reached skill level 3 in Charms
   171 | D:2      | Learned a level 2 spell: Shroud of Golubria
   216 | D:2      | Reached XP level 3. HP: 23/30 MP: 0/5
   219 | D:2      | Reached skill level 3 in Long Blades
   224 | D:2      | Reached skill level 2 in Armour
   286 | D:2      | HP: 2/30 [adder (4)]
   767 | D:2      | Reached XP level 4. HP: 29/37 MP: 0/6
   776 | D:2      | HP: 1/37 [gnoll/whip (6)]
   777 | D:2      | Slain by a gnoll

Vanquished Creatures
  2 gnolls (D:2)
  3 adders
  An ooze (D:2)
  A dart slug (D:2)
  3 bats
  A goblin (D:1)
  2 hobgoblins (D:2)
  2 kobolds (D:2)
  2 giant newts (D:2)
  A rat (D:1)
18 creatures vanquished.
